 Dungeon Crawl Stone Soup version 0.28.0 (webtiles) character file.

Game seed: 7811726833711161323

65 hikkokomori the Shield-Bearer (level 4, -1/37 HPs)
             Began as a Formicid Fighter on Feb 14, 2022.
             Was a Follower of Okawaru.
             Killed from afar by an orc wizard (5 damage)
             ... with a puff of flame
             ... on level 3 of the Dungeon.
             The game lasted 00:03:27 (1628 turns).

hikkokomori the Shield-Bearer (Formicid Fighter)    Turns: 1628, Time: 00:03:28

Health: -1/37      AC:  7    Str: 22    XL:     4   Next: 35%
Magic:  4/4        EV:  6    Int:  8    God:    Okawaru [*.....]
Gold:   135        SH: 12    Dex: 10    Spells: 3/3 levels left

rFire   . . .      SeeInvis +   a - +0 war axe
rCold   . . .      Faith    .   k - +0 tower shield
rNeg    . . .      Spirit   .   b - +0 scale mail
rPois   .          Reflect  .   (helmet unavailable)
rElec   .          Harm     .   (no cloak)
rCorr   .          Rampage  .   (no gloves)
Will    .....                   (no boots)
Stlth   ..........              (no amulet)
HPRegen 0.12/turn               (no ring)
MPRegen 0.09/turn               (no ring)

@: no status effects
A: permanent stasis, dig shafts and tunnels, antennae 3, four strong arms
a: Dig, Shaft Self, Renounce Religion, Heroism


You were on level 3 of the Dungeon.
You worshipped Okawaru.
Okawaru was aware of your devotion.
You visited 1 branch of the dungeon, and saw 3 of its levels.

You collected 135 gold pieces.

Inventory:

Hand Weapons
 a - a +0 war axe (weapon)
Missiles
 g - 5 silver javelins
 l - 2 boomerangs of dispersal
Armour
 b - a +0 scale mail (worn)
 c - a +0 buckler
 k - a +0 tower shield (worn)
Scrolls
 h - a scroll of noise {unknown}
 j - a scroll of identify {unknown}
 m - a scroll of vulnerability {unknown}
Potions
 d - a potion of might
 e - a potion of haste
 f - a potion of brilliance {unknown}
 i - a potion of degeneration {unknown}


   Skills:
 + Level 3.9 Fighting
 + Level 2.7 Axes
 + Level 3.9 Armour
 + Level 4.2 Shields


You had 3 spell levels left.
You didn't know any spells.
Your spell library contained the following spells:

 Spells                   Type           Power      Damage    Failure   Level
 Sting                    Tmut/Pois      0%         1d3       100%        1
 Poisonous Vapours        Pois/Air       0%         N/A       100%        2
 Olgreb's Toxic Radiance  Pois           0%         N/A       100%        4


Dungeon Overview and Level Annotations

Branches:
Dungeon (3/15)

Altars:
Okawaru


Innate Abilities, Weirdness & Mutations

You cannot be hasted, slowed, berserked, paralysed or teleported.
You can dig through walls and to a lower floor.
You have a pair of large antennae on your head. (SInv)
Your four strong arms can wield two-handed weapons with a shield.


Message History

You barely miss the orc wizard. You miss the orc. The bat barely misses you.
The orc closely misses you.
The orc wizard hits you but does no damage.
The orc completely misses you.
The orc wizard points at you and mumbles some strange words.
The puff of flame hits you!
* * * LOW HITPOINT WARNING * * *
You bump into the stone wall.
You feel less confused. The orc hits you with a +0 club.
* * * LOW HITPOINT WARNING * * *
The orc wizard hits you with a +0 dagger.
* * * LOW HITPOINT WARNING * * *
The bat hits you but does no damage. The bat hits you but does no damage.
It was a potion of haste.
Your stasis prevents you from being hasted.
You slash the orc!
You kill the orc!
Okawaru accepts your kill.
You closely miss the orc wizard. The bat hits you but does no damage.
You block the orc wizard's attack. The bat hits you but does no damage.
You block the orc wizard's attack.
Unknown command.
You slash the orc wizard!
The orc wizard is severely wounded.
You closely miss the bat. The bat hits you but does no damage.
You block the bat's attack. The bat barely misses you.
The orc wizard hits you but does no damage.
The bat hits you but does no damage.
Unknown command.
You closely miss the orc wizard.
The orc wizard is severely wounded.
You slash the bat!
You kill the bat!
Okawaru accepts your kill. The orc wizard barely misses you.
The orc wizard points at you and mumbles some strange words.
The puff of flame hits you.
You die...

{ { +.# ###+##### #.#
#.....#.## #.#
#.$$..#..## #.#
+.$.)))@..###.###
#..=..#o†..##...########
#.....#.....#...........
###+####....#...########
##..)†.### ##..#.# {
##.#.# { ###.# #.# #


You could see an orc wizard (invisible).

Vanquished Creatures
  2 adders (D:2)
  2 orcs (D:3)
  6 endoplasms
  A giant cockroach (D:1)
  6 goblins
  4 hobgoblins
  2 jackals (D:1)
  3 ball pythons
  5 bats
  3 frilled lizards
  5 kobolds
  5 rats
44 creatures vanquished.

Notes
Turn   | Place    | Note
-------+----------+-------------------------------------------
     0 | D:1      | hikkokomori the Formicid Fighter began the quest for the
                  | Orb.
     0 | D:1      | Reached XP level 1. HP: 18/18 MP: 1/1
   242 | D:1      | Reached XP level 2. HP: 17/24 MP: 2/2
   391 | D:1      | Found a faded altar of an unknown god.
   406 | D:1      | Prayed at the altar of an unknown god.
   406 | D:1      | Became a worshipper of Warmaster Okawaru
   406 | D:1      | Reached * piety under Okawaru
   717 | D:1      | Reached XP level 3. HP: 29/29 MP: 3/3
   829 | D:2      | Reached skill level 4 in Shields
  1402 | D:2      | Reached XP level 4. HP: 37/37 MP: 4/4
  1628 | D:3      | Killed from afar by an orc wizard

Illustrated notes

Levels and vault maps discovered:
D:1:      tarquinn_simple_flora_water_a, layout_loops_cross,
          ebering_ecumenical_altar_abandoned
D:2:      layout_rooms, minmay_misc_feat_iff
D:3:      layout_loops_ring, minmay_misc_feat_cross, corexii_leaking_fountain,
          minmay_quadrilaterals

Skill      XL: |  1  2  3 |
---------------+----------+-----
Shields        | 4 |  4.2
Fighting       | |  3.9
Axes           | |  2.7
Armour         | |  3.9

Action                   |  1- 3 |  4- 6 || total
-------------------------+-------+-------++-------
Melee: War axe           |    80 |    24 ||   104
  Use: Potion            |       |     1 ||     1
Armor: Scale mail        |    39 |    29 ||    68
Dodge: Dodged            |    50 |    14 ||    64
Block: Buckler           |    22 |       ||    22
       Tower shield      |     2 |    17 ||    19
